 Dungeon Crawl Stone Soup version 0.18.1-6-gd335043 (webtiles) character file.

6097 Moloch the Cleaver (level 10, -9/70 HPs)
             Began as a Demonspawn Fighter on May 17, 2016.
             Was an Elder of Okawaru.
             Mangled by an orc warrior
             ... wielding a +0 glaive
              (13 damage)
             ... on level 1 of the Orcish Mines.
             The game lasted 00:22:49 (11757 turns).

Moloch the Cleaver (Demonspawn Fighter)            Turns: 11757, Time: 00:22:50

Health: -9/70      AC: 12    Str: 26    XL:     10   Next: 58%
Magic:  19/19      EV:  7    Int:  8    God:    Okawaru [****..]
Gold:   498        SH:  0    Dex: 12    Spells: 0 memorised, 9 levels left

rFire  . . .     SeeInvis .     m - +0 battleaxe
rCold  + . .     Gourm    .     G - +3 chain mail {rC+}
rNeg   . . .     Faith    .     (shield currently unavailable)
rPois  +         Spirit   .     (helmet restricted)
rElec  .         Dismiss  .     r - +0 cloak (curse)
rCorr  .         Reflect  .     (no gloves)
SustAt .         Harm     .     (no boots)
MR     .....                    (no amulet)
Stlth  ..........               M - +5 ring of slaying
                                u - ring "Heqiopoz" {MP+9 Str+6}

@: very slightly contaminated, invisible, not resistant to hostile enchantments,
extremely unstealthy
A: antennae 1, talons 2, icy blue scales 2, deformed body, dopey 1, poison
resistance, screaming 1, no device heal 1
a: Heroism, Renounce Religion


You were on level 1 of the Orcish Mines.
You worshipped Okawaru.
Okawaru was greatly pleased with you.
You were not hungry.

You visited 3 branches of the dungeon, and saw 11 of its levels.
You also visited: Sewer.

You collected 498 gold pieces.

Inventory:

Hand Weapons
 m - a +0 battleaxe (weapon)
 F - a +0 flail
Armour
 r - a cursed +0 cloak (worn)
 G - a +3 chain mail of cold resistance (worn)
Jewellery
 u - the ring "Heqiopoz" (left hand) {MP+9 Str+6}
   (You found it on level 4 of the Dungeon)

   [ring of magical power]

   It affects your strength (+6).
   It affects your magic capacity (+9).
 w - an uncursed ring of sustain attributes {unknown}
 M - a +5 ring of slaying (right hand)
 O - a +2 ring of protection
Wands
 t - a wand of acid (5/15)
 I - a wand of iceblast (5/15)
 L - a wand of teleportation (1/9)
 P - a wand of acid (7/15)
Scrolls
 b - a scroll of enchant weapon {unknown}
 c - a scroll of amnesia {unknown}
 e - 2 scrolls of fog {unknown}
 i - 2 scrolls of vulnerability {unknown}
 j - 5 scrolls of teleportation
 l - 2 scrolls of recharging {unknown}
 n - 4 scrolls of remove curse {unknown}
 o - a scroll of magic mapping
 q - 3 scrolls of immolation {unknown}
 v - 4 scrolls of noise {unknown}
 y - a scroll of identify
 B - a scroll of enchant armour
 E - 2 scrolls of fear {unknown}
Potions
 d - a potion of haste
 g - a potion of resistance
 h - 4 potions of curing
 k - a potion of invisibility
 p - a potion of ambrosia
 s - 3 potions of brilliance
 x - 3 potions of agility
 A - a potion of flight
 D - a potion of might
 H - a potion of cure mutation
Miscellaneous
 C - a phantom mirror
Comestibles
 a - 4 meat rations
 f - 6 bread rations
 z - 2 slices of pizza
 J - a chunk of flesh


   Skills:
 - Level 3.0 Fighting
 + Level 14.1 Axes
 - Level 2.6 Armour
   Level 2.6 Shields


You had 9 spell levels left.
You didn't know any spells.

Dungeon Overview and Level Annotations

Branches:
Dungeon (9/15)             Temple (1/1) D:5            Lair (0/8) D:8
    Orc (1/2) D:9

Altars:
Ashenzari
Cheibriados
Fedhas
Kikubaaqudgha
Makhleb
Nemelex Xobeh
Okawaru
Pakellas
Ru
Trog
Vehumet
Yredelemnul
The Shining One

Shops:
D:4 }[?[[   D:8 [

Annotations:
D:6 ololoev's ghost, novice MiFi


Innate Abilities, Weirdness & Mutations

You have a pair of small antennae on your head.
You are mostly covered in icy blue scales (AC +3, EV -1).
You have razor-sharp toenails.
Armour fits poorly on your strangely shaped body.
You are dopey. (Int -2)
Your system is resistant to poisons.
You occasionally shout uncontrollably at your foes.
Potions and wands are less effective at restoring your health.


Message History

The ogre is almost dead.
You slash the orc priest!
The orc priest is almost dead.
The orc warrior hits you but does no damage.
The ogre hits you with a giant club!
* * * LOW HITPOINT WARNING * * *
The orc priest barely misses you.
Unknown command.
Drink which item? (? for menu, Esc to quit)
Okay, then.
You catch the helpless ogre completely off-guard!
You slash the ogre!
You kill the ogre!
Okawaru accepts your kill.
You strike the helpless orc priest from behind!
You slash the orc priest!
You kill the orc priest!
Okawaru accepts your kill.
The orc warrior hits you from afar with a glaive!
You die...

..# ###.##.##
...##........
............
.#.........
##..........
#...........
#..........
##.<.#....
#.@))......
.....o))....#...
#...............
#.....#.##......
##.....## #.....
##...# ..... ...
..... ##.. .#


You could see an orc warrior.

Vanquished Creatures
  The ghost of DEFE the Cleaver, a novice HOFi of the Shining One (D:9)
  A troll (D:9)
  Sigmund (D:3)
  A human (D:7)
  A yak (D:7)
  A steam dragon (D:8)
  2 water moccasins
  2 hell hounds (D:8)
  An eye of draining (D:9)
  3 sky beasts (D:7)
  5 orc warriors
  2 phantoms
  3 black bears
  An ice beast (D:8)
  A necrophage (D:6)
  7 ogres
  3 centaurs
  A big kobold (D:7)
  3 giant frogs
  2 scorpions (D:9)
  3 jellies (D:7)
  A crimson imp (D:7)
  2 giant frog zombies
  A quasit (D:6)
  A giant frog skeleton (D:9)
  4 hounds
  12 orc priests
  4 orc wizards
  5 worker ants
  Natasha (thrice) (D:2)
  3 iguanas
  3 sheep (D:7)
  A hound zombie (D:5)
  A hound skeleton (D:9)
  A worker ant zombie (D:6)
  Robin (D:2)
  10 gnolls
  7 adders
  A shadow imp (D:6)
  2 oozes
  An adder zombie (D:7)
  An adder skeleton (D:7)
  A worm (D:5)
  2 dart slugs
  10 giant geckos
  28 orcs
  15 giant cockroaches
  9 goblins
  16 hobgoblins
  11 jackals
  4 kobolds (D:7)
  3 quokkas
  6 ball pythons
  5 bats
  A giant gecko skeleton (D:4)
  11 giant newts
  A quokka skeleton (D:7)
  8 rats
241 creatures vanquished.

Vanquished Creatures (others)
  An orc (Orc:1)
1 creature vanquished.

Grand Total: 242 creatures vanquished

Notes
Turn   | Place    | Note
--------------------------------------------------------------
     0 | D:1      | Moloch the Demonspawn Fighter began the quest for the Orb.
     0 | D:1      | Reached XP level 1. HP: 18/18 MP: 1/1
     6 | D:1      | Reached skill level 2 in Axes
    94 | D:1      | Gained mutation: You are partially covered in icy blue scales (AC +1). [demonic ancestry]
    94 | D:1      | Reached XP level 2. HP: 24/24 MP: 2/2
   456 | D:2      | Reached skill level 3 in Axes
   485 | D:2      | Reached XP level 3. HP: 26/29 MP: 3/3
  1007 | D:2      | Gained mutation: You have a pair of small antennae on your head. [demonic ancestry]
  1007 | D:2      | Reached XP level 4. HP: 35/35 MP: 4/4
  1118 | D:2      | Reached skill level 4 in Axes
  1349 | D:2      | Noticed Natasha
  1362 | D:2      | Killed Natasha
  1872 | D:3      | Noticed Robin
  1929 | D:2      | Killed Robin
  2025 | D:3      | Reached XP level 5. HP: 27/41 MP: 5/5
  2096 | D:2      | Noticed Natasha
  2107 | D:2      | Killed Natasha
  2107 | D:2      | Reached skill level 5 in Axes
  2289 | D:2      | Noticed Natasha
  2318 | D:2      | Killed Natasha
  2376 | D:3      | Found a burning altar of Makhleb.
  2376 | D:3      | Found a shattered altar of Ashenzari.
  2379 | D:3      | Found a blossoming altar of Fedhas.
  2452 | D:3      | Noticed Sigmund
  2484 | D:3      | Killed Sigmund
  2484 | D:3      | Reached skill level 6 in Axes
  2484 | D:3      | Reached XP level 6. HP: 24/47 MP: 2/6
  2993 | D:4      | Found Voukhiull's Gadget Shop.
  2999 | D:4      | Found Kutriur's Antique Armour Shop.
  3004 | D:4      | Found Esefuqe's Magic Scroll Shoppe.
  3053 | D:4      | Got a transparent iron ring
  3054 | D:4      | Identified the ring "Heqiopoz" {MP+9 Str+6} (You found it on level 4 of the Dungeon)
  3077 | D:4      | Found a snail-covered altar of Cheibriados.
  3117 | D:4      | Found Baupn's Antique Armour Shop.
  3138 | D:4      | Found Zoqeumim's Antique Armour Shop.
  3266 | D:4      | Reached skill level 7 in Axes
  3266 | D:4      | Reached XP level 7. HP: 43/52 MP: 7/7
  3413 | D:5      | Entered Level 5 of the Dungeon
  3461 | D:5      | Found a radiant altar of Vehumet.
  3494 | D:5      | Found a staircase to the Ecumenical Temple.
  3504 | Temple   | Entered the Ecumenical Temple
  3512 | Temple   | Became a worshipper of Warmaster Okawaru
  3589 | D:5      | Found a glowing drain.
  3617 | Sewer    | Entered a sewer
  3957 | D:5      | Reached skill level 8 in Axes
  4663 | D:6      | Reached * piety under Okawaru
  4663 | D:6      | Reached XP level 8. HP: 51/58 MP: 8/8
  4761 | D:6      | Reached skill level 9 in Axes
  5325 | D:6      | Noticed ololoev's ghost (novice MiFi)
  5709 | D:7      | Found a sacrificial altar of Ru.
  5827 | D:7      | Reached skill level 10 in Axes
  6167 | D:7      | Reached ** piety under Okawaru
  6173 | D:7      | Reached XP level 9. HP: 42/63 MP: 9/9
  6238 | D:7      | Reached skill level 11 in Axes
  6468 | D:7      | Gained mutation: You occasionally shout uncontrollably at your foes. [mutagenic meat]
  6469 | D:7      | Gained mutation: Armour fits poorly on your strangely shaped body. [mutagenic meat]
  6470 | D:7      | Gained mutation: You are dopey. (Int -2) [mutagenic meat]
  6471 | D:7      | Gained mutation: You have sharp toenails. [mutagenic meat]
  6992 | D:8      | Found Vuddaiq's Antique Armour Shop.
  7120 | D:8      | Reached skill level 12 in Axes
  7348 | D:7      | Reached *** piety under Okawaru
  7583 | D:7      | Gained mutation: Potions and wands are less effective at restoring your health. [mutagenic meat]
  7585 | D:7      | Gained mutation: You have razor-sharp toenails. [mutagenic meat]
  7586 | D:7      | Gained mutation: Your system is resistant to poisons. [mutagenic meat]
  8164 | D:8      | Found a staircase to the Lair.
  9002 | D:8      | Gained mutation: You are mostly covered in icy blue scales (AC +3, EV -1). [demonic ancestry]
  9002 | D:8      | Reached XP level 10. HP: 70/70 MP: 10/10
  9121 | D:8      | Reached skill level 13 in Axes
  9374 | D:9      | Found a bloodstained altar of Trog.
  9492 | D:9      | Noticed DEFE's ghost (novice HOFi)
  9533 | D:9      | Killed DEFE's ghost
 10205 | D:9      | Reached **** piety under Okawaru
 10420 | D:9      | Got a pair of brightly glowing boots
 10426 | D:9      | Identified the +1 pair of boots of Awi Nerr {*Confuse +Fly rCorr Int-5} (You found it on level 9 of the Dungeon)
 10829 | D:9      | Found a staircase to the Orcish Mines.
 11101 | D:9      | Reached skill level 14 in Axes
 11141 | D:9      | Found a glowing golden altar of the Shining One.
 11745 | Orc:1    | Entered Level 1 of the Orcish Mines
 11756 | Orc:1    | HP: 3/70 [ogre/giant club (14)]
 11757 | Orc:1    | Mangled by an orc warrior

Skill      XL: |  1  2  3  4  5  6  7  8  9 10 |
---------------+-------------------------------+-----
Axes           | 2 3 4 6 7 8 10 12 14 | 14.1
Fighting       | |  3.0
Armour         | |  2.6
Shields        | |  2.6

Action                   |  1- 3 |  4- 6 |  7- 9 | 10-12 || total
-------------------------+-------+-------+-------+-------++-------
Melee: War axe           |    88 |   215 |   119 |       ||   422
       Broad axe         |       |       |   367 |    65 ||   432
       Kick              |       |       |    56 |    40 ||    96
       Battleaxe         |       |       |       |    56 ||    56
Invok: Heroism           |       |       |     4 |     3 ||     7
Evoke: Wand              |       |     3 |    13 |     1 ||    17
  Use: Potion            |       |     2 |     3 |     2 ||     7
       Scroll            |       |     1 |       |     8 ||     9
 Stab: Invisible         |       |       |       |     6 ||     6
  Eat: Chunk             |       |     8 |    28 |     7 ||    43
       Beef jerky        |       |       |       |     2 ||     2
Armor: Scale mail        |    42 |    77 |       |       ||   119
       Chain mail        |       |    38 |   164 |    31 ||   233
       Plate armour      |       |       |    68 |     6 ||    74
Dodge: Dodged            |    27 |    47 |    68 |    28 ||   170
Block: Shield            |    42 |   108 |   250 |    14 ||   414
